 Dungeon Crawl Stone Soup version 0.19.0-11-g3fc08b3 (webtiles) character file.

133 mistymad the Insei (level 5, -1/44 HPs)
             Began as a Naga Transmuter on Nov 8, 2016.
             Killed from afar by an orc wizard (7 damage)
             ... with a magic dart
             ... on level 3 of the Dungeon.
             The game lasted 00:04:56 (2384 turns).

mistymad the Insei (Naga Transmuter)                Turns: 2384, Time: 00:04:57

Health: -1/44      AC:  3    Str: 12    XL:     5   Next: 16%
Magic:  3/9        EV: 10    Int: 14    God:
Gold:   133        SH:  0    Dex: 12    Spells: 3 memorised, 4 levels left

rFire  . . .     SeeInvis +       - Unarmed
rCold  . . .     Gourm    .     b - +0 robe
rNeg   . . .     Faith    .     (no shield)
rPois  +         Spirit   .     (no helmet)
rElec  .         Reflect  .     (no cloak)
rCorr  .         Harm     .     p - +0 pair of gloves
MR     .....                    (no barding)
Stlth  +.........               (no amulet)
                                (no ring)
                                (no ring)

@: very slightly contaminated, very slow
A: see invisible, deformed body, poison resistance, slowness 2, slow metabolism
1, spit poison 1, AC +1
a: Spit Poison


You were on level 3 of the Dungeon.
You were hungry.

You visited 1 branch of the dungeon, and saw 3 of its levels.

You collected 133 gold pieces.

Inventory:

Missiles
 a - 53 arrows
Armour
 b - a +0 robe (worn)
 p - a +0 pair of gloves (worn)
Scrolls
 e - 3 scrolls of immolation {unknown}
 f - a scroll of amnesia {unknown}
 h - 3 scrolls of random uselessness {unknown}
 l - a scroll of magic mapping {unknown}
 n - 3 scrolls of identify {unknown}
 o - 2 scrolls of blinking {unknown}
 r - 3 scrolls of remove curse {unknown}
 s - a scroll of enchant armour {unknown}
Potions
 i - 2 potions of mutation {unknown}
 j - a potion of might {unknown}
 k - a potion of flight {unknown}
 q - a potion of degeneration {unknown}
Books
 c - a book of Changes

   Spells                             Type                      Level
   a - Beastly Appendage              Transmutation                1
   b - Sticks to Snakes               Transmutation                2
   c - Spider Form                    Transmutation/Poison         3
   d - Ice Form                       Ice/Transmutation            4
   e - Blade Hands                    Transmutation                5
Comestibles
 d - 3 bread rations
 g - a slice of pizza
 m - a meat ration
 t - 5 chunks of flesh


   Skills:
 - Level 1.0 Fighting
 - Level 1.5 Dodging
 + Level 3.9 Unarmed Combat
 + Level 3.0 Spellcasting
 + Level 3.6 Transmutations


You had 4 spell levels left.
You knew the following spells:

 Your Spells              Type           Power        Failure   Level  Hunger
a - Beastly Appendage     Tmut           ##....       6%          1    #......
b - Sticks to Snakes      Tmut           ##......     10%         2    ##.....
c - Spider Form           Tmut/Pois      #.........   30%         3    ###....


Dungeon Overview and Level Annotations

Branches:
Dungeon (3/15)

Altars:
Nemelex Xobeh
Trog
Vehumet

Annotations:
D:2 Sigmund


Innate Abilities, Weirdness & Mutations

You cannot wear boots.
Your serpentine skin is tough. (AC +1)
You have supernaturally acute eyesight. (SInv)
Armour fits poorly on your strangely shaped body.
Your system is resistant to poisons. (rPois)
You cover ground very slowly.
You have a slow metabolism.
You can spit poison.


Message History

Your +0 pair of gloves unmelds from your body.
Your +0 robe unmelds from your body.
Casting: Spider Form
Confirm with . or Enter, or press ? or * to list all spells.
You miscast Spider Form.
Nothing appears to happen.
You now have 2/9 mp.
Unknown command.
Casting: Spider Form
Confirm with . or Enter, or press ? or * to list all spells.
You don't have enough magic to cast that spell.
The orc hits you with a hand axe.
* * * LOW HITPOINT WARNING * * *
You take 1 damage, and have 8/44 hp.
The orc wizard mumbles some strange words.
The orc wizard seems to speed up.
The orc hits you with a hand axe.
* * * LOW HITPOINT WARNING * * *
You take 3 damage, and have 5/44 hp.
The orc wizard gestures at you while chanting.
The magic dart hits you!
You die...

## ####### .. ##.....##
(. ######...#...### .#
.............[. .#
#.@.#...# .# ####>#.##.#
.## #######P...#....#
#.## #.....♣≈≈♣####o.#
##.###.####.≈≈≈.#.o..#
###....)(..P♣♣..#..#.####
.#
...###.####.P≈........#.[
..# ...# #.#
#......#.#..#.# #.#
[..###.# #.....##.#..#.#
#.#


You could see an orc wizard.

Vanquished Creatures
  An orc priest (D:3)
  4 adders
  An ooze (D:1)
  A worm (D:1)
  A dart slug (D:1)
  2 leopard geckos
  3 orcs (D:3)
  2 giant cockroaches (D:3)
  4 hobgoblins
  6 jackals (D:1)
  5 kobolds
  4 bats
  4 frilled lizards
  10 goblins
  3 rats
51 creatures vanquished.

Notes
Turn   | Place    | Note
-------+----------+-------------------------------------------
     0 | D:1      | mistymad the Naga Transmuter began the quest for the Orb.
     0 | D:1      | Reached XP level 1. HP: 18/18 MP: 3/3
   193 | D:1      | Reached XP level 2. HP: 20/25 MP: 5/5
   524 | D:1      | Reached XP level 3. HP: 13/31 MP: 6/6
  1149 | D:1      | Learned a level 2 spell: Sticks to Snakes
  1153 | D:1      | Learned a level 3 spell: Spider Form
  1370 | D:2      | Found a bloodstained altar of Trog.
  1469 | D:2      | Reached XP level 4. HP: 35/38 MP: 8/8
  1539 | D:2      | Noticed Sigmund
  1824 | D:3      | Found a sparkling altar of Nemelex Xobeh.
  2317 | D:3      | Found a radiant altar of Vehumet.
  2366 | D:3      | Reached XP level 5. HP: 14/44 MP: 3/9
  2384 | D:3      | Killed from afar by an orc wizard

Skill      XL: |  1  2  3  4 |
---------------+-------------+-----
Transmutations | 3 |  3.6
Spellcasting   | 3 |  3.0
Fighting       | |  1.0
Dodging        | |  1.5
Unarmed Combat | |  3.9

Action                   |  1- 3 |  4- 6 || total
-------------------------+-------+-------++-------
Melee: Unarmed           |    82 |    62 ||   144
       Headbutt          |     3 |       ||     3
       Punch             |     1 |       ||     1
 Cast: Beastly Appendage |     4 |       ||     4
       Spider Form       |       |     7 ||     7
       Sticks to Snakes  |       |     1 ||     1
 Abil: Spit Poison       |    16 |     3 ||    19
  Eat: Chunk             |     2 |     3 ||     5
Armor: Robe              |    10 |     9 ||    19
       Skin              |       |     2 ||     2
Dodge: Dodged            |    49 |    58 ||   107
